 Dungeon Crawl Stone Soup version 0.29-a0-2-g12fcac58f8 (webtiles) character file.

Game seed: 5600199103137498637

131 HallandMoats the Skirmisher (level 5, 0/47 HPs)
             Began as a Ghoul Monk on Jan 27, 2022.
             Slain by a sky beast (6 damage)
             ... on level 4 of the Dungeon.
             The game lasted 00:02:22 (3336 turns).

HallandMoats the Skirmisher (Ghoul Monk)            Turns: 3336, Time: 00:02:23

Health: 0/47       AC:  7    Str: 15    XL:     5   Next: 14%
Magic:  4/4        EV: 10    Int:  7    God:
Gold:   179        SH:  0    Dex: 11    Spells: 4/4 levels left

rFire   . . .      SeeInvis .     - Unarmed
rCold   + . .      Faith    .   (no shield)
rNeg    + + +      Spirit   .   l - +0 scale mail
rPois   ∞          Reflect  .   (no helmet)
rElec   .          Harm     .   (no cloak)
rCorr   .          Rampage  .   (no gloves)
Will    .....                   f - +0 pair of boots
Stlth   ..........              (no amulet)
HPRegen 0.00/turn               (no ring)
MPRegen 0.09/turn               (no ring)

@: inhibited regen
A: claws 1, cold resistance 1, negative energy resistance 3, inhibited
regeneration, torment resistance 2
a: no special abilities


You were on level 4 of the Dungeon.
You visited 1 branch of the dungeon, and saw 4 of its levels.

You collected 179 gold pieces.

Inventory:

Hand Weapons
 i - the +8 dagger of Instinct {drain, Fly Str+6}
   (You found it on level 2 of the Dungeon)

   A truly terrible weapon, it drains the life of any living foe it strikes.
   Str:       It affects your strength (+6).
   Fly:       It grants you flight.
Armour
 f - a +0 pair of boots (worn)
 l - a +0 scale mail (worn)
Scrolls
 a - a scroll of acquirement {unknown}
 c - 4 scrolls of identify {unknown}
 d - 2 scrolls of enchant armour {unknown}
 e - a scroll of enchant weapon {unknown}
 j - a scroll of teleportation {unknown}
 k - 2 scrolls of immolation {unknown}
Potions
 b - a potion of cancellation {unknown}
 g - 2 potions of curing {unknown}
 h - a potion of flight {unknown}


   Skills:
 * Level 4.4 Fighting
 + Level 1.5 Armour
 + Level 3.1 Dodging
 - Level 2.1 Stealth
 * Level 4.4 Unarmed Combat


You had 4 spell levels left.
You didn't know any spells.
Your spell library was empty.

Dungeon Overview and Level Annotations

Branches:
Dungeon (4/15)
 Temple: D:4-7

Altars:


Innate Abilities, Weirdness & Mutations

You thrive by killing the living.
You are immune to poison.
You have sharp fingernails.
Your flesh is cold resistant. (rC+)
You are immune to negative energy. (rN+++)
You do not regenerate when monsters are visible.
You are immune to unholy pain and torment.


Message History

You scratch the adder.
The adder is lightly wounded.
Something hits you. Something shocks you.
The adder bites you but does no damage.
You scratch the adder.
The adder is heavily wounded.
The adder bites you but does no damage. Something hits you but does no damage.
The adder barely misses you.
You barely miss the adder.
The adder is heavily wounded.
Something hits you. Something shocks you.
The adder bites you but does no damage.
You are too injured to fight recklessly!
You are too injured to fight recklessly!
You are too injured to fight recklessly!
You are too injured to fight recklessly!
You are too injured to fight recklessly!
You are too injured to fight recklessly!
You are too injured to fight recklessly!
You are too injured to fight recklessly!
You are too injured to fight recklessly!
You are too injured to fight recklessly!
You are too injured to fight recklessly!
You are too injured to fight recklessly!
You are too injured to fight recklessly!
You are too injured to fight recklessly!
You are too injured to fight recklessly!
You are too injured to fight recklessly!
You are too injured to fight recklessly!
You are too injured to fight recklessly!
You miss something. Something hits you but does no damage.
You miss something. Something hits you but does no damage.
You closely miss something. Something hits you but does no damage.
You barely miss something. Something hits you but does no damage.
You closely miss something. Something hits you. Something shocks you.
* * * LOW HITPOINT WARNING * * *
You scratch something. Something hits you.
* * * LOW HITPOINT WARNING * * *
Something shocks you.
You die...

........# ........+
........# . ........# ..
........## ...
.........###### ....
..............# ##.....
..............###.......
.........###..S{@.......
.......### ###.####.[...
###.....# #†.# ...
#.#<...< $.... .
#.#.#..........
#...###.........
#................
.............
.)............


You could see an adder.

Vanquished Creatures
  A water moccasin skeleton (D:4)
  An adder (D:3)
  An adder skeleton (D:4)
  A worm (D:3)
  2 dart slugs
  2 orcs (D:3)
  7 endoplasms
  A giant cockroach (D:1)
  3 goblins
  6 hobgoblins
  8 jackals (D:1)
  3 quokkas
  5 ball pythons
  3 bats
  3 frilled lizards
  A kobold (D:3)
  6 rats
54 creatures vanquished.

Notes
Turn   | Place    | Note
-------+----------+-------------------------------------------
     0 | D:1      | HallandMoats the Ghoul Monk began the quest for the Orb.
     0 | D:1      | Reached XP level 1. HP: 19/19 MP: 0/0
   351 | D:1      | Reached XP level 2. HP: 20/26 MP: 1/1
   642 | D:1      | Reached XP level 3. HP: 33/33 MP: 2/2
  1461 | D:2      | Identified the +8 dagger of Instinct {drain, Fly Str+6}
  2074 | D:3      | Reached skill level 1 in Armour
  2465 | D:3      | Reached XP level 4. HP: 34/40 MP: 3/3
  3291 | D:4      | Reached XP level 5. HP: 47/47 MP: 4/4
  3316 | D:4      | Noticed a sky beast
  3336 | D:4      | Slain by a sky beast

Illustrated notes

Levels and vault maps discovered:
D:1:      eino_arrival_cavern_b, layout_basic
D:2:      layout_basic
D:3:      layout_loops_ring
D:4:      layout_rooms, ebering_ghost_sewer_d, hex_medium,
          kennysheep_another_room

Skill      XL: |  1  2  3 |
---------------+----------+-----
Armour         | 1 |  1.5
Dodging        | 3 |  3.1
Fighting       | 4 |  4.4
Unarmed Combat | 4 |  4.4
Stealth        | |  2.1

Action                   |  1- 3 |  4- 6 || total
-------------------------+-------+-------++-------
Melee: Unarmed           |   143 |    60 ||   203
       Punch             |     5 |     1 ||     6
 Stab: Sleeping          |     6 |       ||     6
Armor: Robe              |    21 |       ||    21
       Scale mail        |       |    43 ||    43
Dodge: Dodged            |    69 |    22 ||    91

Table legend: (Time is in decaauts)
 A = Elapsed time spent in this place.
 B = Non-inter-level travel time spent in this place.
 C = Inter-level travel time spent in this place.
 D = Time resting spent in this place.
 E = Time spent auto-exploring this place.
 F = Levels seen in this place.
 G = Mean time per level.
                   A        B        C        D        E       F      G
               +--------+--------+--------+--------+--------+-----+--------+
         Total |   3325 |   3237 |     88 |    319 |   2475 |   4 |  831.2 |
       Dungeon |   3325 |   3237 |     88 |    319 |   2475 |   4 |  831.2 |
               +--------+--------+--------+--------+--------+-----+--------+

Top non-repeatable levels by time:
     D:1: 1243 daAuts
     D:3: 1217 daAuts
     D:2: 789 daAuts
     D:4: 75 daAuts
